Blue Jackets vs Rangers
Created - May 1, 2021 at 21:12
Goals
|
| Blue Jackets |
2 |
2 |
2 |
1 |
7 |
| Rangers |
1 |
1 |
4 |
0 |
6 |
|
Shots
|
| Blue Jackets |
16 |
9 |
14 |
5 |
44 |
| Rangers |
7 |
9 |
14 |
0 |
30 |
|
1st period
1. Blue Jackets , Mike Lundin 12 (Cody Hodgson 34) at 3:18
2. Rangers , Sean Couturier 26 (Milan Lucic 65, Luke Schenn 38) at 7:35
3. Blue Jackets , Tyler Seguin 33 (Artemi Panarin 58, Devin Setoguchi 44) at 11:39
Penalties :
Dmitry Kulikov (NYR) for Hooking (Minor) at 5:09
2nd period
4. Rangers , Maxime Sauvé 5 (Devante Smith-Pelly 12, T.J Galiardi 13) at 1:43
5. Blue Jackets , Tyler Seguin 34 (Devin Setoguchi 45, Artemi Panarin 59) at 12:58 (PP)
6. Blue Jackets , Devin Setoguchi 25 (Artemi Panarin 60, Tyler Seguin 65) at 14:15
Penalties :
Ryan Strome (NYR) for High sticking (Double Minor) at 2:30, Chris Bourque (NYR) for Roughing (Minor) at 12:40, Milan Lucic (NYR) for Hooking (Minor) at 14:24
3rd period
7. Rangers , Rostislav Olesz 19 (Dmitry Kulikov 15, Luke Schenn 39) at 2:24
8. Blue Jackets , Eric Wellwood 15 (Dalton Prout 16, Dennis Wideman 2) at 4:16
9. Rangers , T.J Galiardi 10 (Steve Quailer 17, Cam Barker 36) at 6:26 (PP)
10. Rangers , Milan Lucic 50 (Sean Couturier 33) at 11:51
11. Rangers , Tomas Hertl 23 (Ryan Strome 18, Chris Bourque 19) at 14:24
12. Blue Jackets , Artemi Panarin 51 (Mike Lundin 30, Tyler Seguin 66) at 14:33
Penalties :
Tyler Kennedy (Clb) for Hooking (Minor) at 6:18, Luke Schenn (NYR) for Elbowing (Minor) at 7:24, Cam Fowler (Clb) for Hooking (Minor) at 12:13
Overtime #1
13. Blue Jackets , Mike Lundin 13 (Max Pacioretty 42) at 3:15
Penalties :
No Penalty
Goalie Stats
Andrei Vasilevskiy (Clb), 24 saves from 30 shots - (0.800), W, 14-6-3, 63:15 minutes
Frederik Andersen (NYR), 37 saves from 44 shots - (0.841), OTL, 29-30-5, 63:15 minutes
Players Stats for Blue Jackets
Player Name G A P +/- PIM S H SB GA TA FO MP PP MP PK MP
------------------------------------------------------------------------------------
Andreas Nodl 0 0 0 0 0 0 0 0 0 0 0/0 6:48 0:25 0:00
Artemi Panarin 1 3 4 2 0 10 2 0 1 1 2/2 24:35 5:17 1:09
Brandon Bollig 0 0 0 0 0 1 1 0 0 0 0/0 6:23 0:00 0:00
Branislav Mezei 0 0 0 0 0 1 0 0 0 1 0/0 13:19 0:37 1:09
Cam Fowler 0 0 0 -1 2 2 4 1 1 3 0/0 28:24 5:20 0:08
Christian Hanson 0 0 0 -1 0 2 0 0 0 0 0/4 7:04 0:06 0:17
Cody Hodgson 0 1 1 0 0 3 1 0 0 1 5/10 18:14 4:03 0:19
Dalton Prout 0 1 1 1 0 1 1 2 0 0 0/0 21:43 4:17 0:50
Dennis Wideman 0 1 1 1 0 1 0 1 0 2 0/0 21:43 4:17 0:50
Devin Setoguchi 1 2 3 2 0 3 2 0 0 1 1/3 21:45 5:15 0:00
Eric Wellwood 1 0 1 -1 0 3 3 0 0 0 0/0 13:18 0:31 0:39
Martin Havlat 0 0 0 -1 0 0 2 1 0 0 1/1 16:34 4:03 0:00
Max Pacioretty 0 1 1 0 0 5 2 0 0 0 1/1 18:38 4:03 0:43
Mike Lundin 2 1 3 -1 0 5 2 2 0 1 0/0 29:34 5:20 1:17
Pavel Datsyuk 0 0 0 0 0 2 2 0 1 0 3/5 13:19 0:51 0:00
Rob Scuderi 0 0 0 1 0 0 2 0 1 0 0/0 11:58 0:37 0:00
Tyler Kennedy 0 0 0 0 2 1 2 0 0 0 0/1 13:16 0:55 0:00
Tyler Seguin 2 2 4 2 0 4 0 1 0 1 24/40 24:16 5:13 1:07
Players Stats for Rangers
Player Name G A P +/- PIM S H SB GA TA FO MP PP MP PK MP
------------------------------------------------------------------------------------
Cam Barker 0 1 1 -1 0 0 1 1 1 0 0/0 26:34 1:22 6:38
Chris Bourque 0 1 1 -1 2 4 0 0 0 0 0/3 16:47 0:09 3:46
Devante Smith-Pelly 0 1 1 0 0 0 1 0 0 0 0/1 8:15 0:00 0:00
Dmitry Kulikov 0 1 1 0 2 3 4 2 0 0 0/0 24:17 0:45 3:50
Luke Schenn 0 2 2 -2 2 3 1 3 1 1 0/0 28:48 1:14 4:49
Magnus Paajarvi 0 0 0 -2 0 1 2 0 2 0 0/0 13:48 0:00 1:11
Mark Fistric 0 0 0 1 0 0 1 1 0 0 0/0 19:25 0:53 3:46
Matt Delahey 0 0 0 0 0 0 0 1 0 0 0/0 13:28 0:00 0:26
Maxime Sauvé 1 0 1 1 0 1 1 0 0 0 1/1 9:04 0:00 2:18
Milan Lucic 1 1 2 0 2 3 4 0 5 0 6/10 23:39 0:59 4:07
Patrice Bergeron 0 0 0 -2 0 2 3 0 0 0 7/13 15:05 0:59 0:38
Patrik Nemeth 0 0 0 0 0 0 2 1 0 1 0/0 14:11 0:00 0:59
Rostislav Olesz 1 0 1 0 0 2 1 0 1 0 1/1 12:15 0:59 0:00
Ryan Strome 0 1 1 1 4 2 1 0 0 0 2/5 17:11 0:09 0:00
Sean Couturier 1 1 2 -1 0 2 2 0 0 1 7/21 24:23 0:59 4:56
Steve Quailer 0 1 1 0 0 1 1 0 0 1 0/2 12:15 0:59 0:00
T.J Galiardi 1 1 2 1 0 3 0 0 1 0 0/0 7:45 0:59 0:00
Tomas Hertl 1 0 1 1 0 3 1 1 0 0 6/10 15:31 0:09 3:32
3 Stars
1 - Tyler Seguin (Clb)
2 - Artemi Panarin (Clb)
3 - Devin Setoguchi (Clb)
Power Play
Blue Jackets - 1 on 6 Attempt(s) - 16.67%
Rangers - 1 on 2 Attempt(s) - 50.00%
Penalty Kill
Blue Jackets - 1 on 2 Attempt(s) - 50.00%
- Score 0 goal in Penalty Kill
Rangers - 5 on 6 Attempt(s) - 83.33%
- Score 0 goal in Penalty Kill
Team Stat
Blue Jackets - Hits : 26 - Faceoff Wins : 37 - Blocked Shots : 8 - Penalty Minutes : 4
Rangers - Hits : 26 - Faceoff Wins : 30 - Blocked Shots : 10 - Penalty Minutes : 12
Official
Referees : Unknown
Linesman : Unknown
Game Notes
No Game Note
Finance
Level 1 -- Attendance: 6000 (100.00%) -- Ticket Income $570,000
Level 2 -- Attendance: 4473 (89.46%) -- Ticket Income $268,380
Level 3 -- Attendance: 2000 (100.00%) -- Ticket Income $70,000
Level 4 -- Attendance: 4000 (100.00%) -- Ticket Income $100,000
Luxury Box -- Attendance: 1000 (100.00%) -- Ticket Income $180,000
Game was played at the Madison Square Garden.
Total Attendance: 17473 (97.07%)
Total Ticket Income: $1,188,380
Other Income: $178,257
Total Income: $1,366,637
Blue Jackets
5 vs 5 Forward
Center Left Wing Right Wing Time % Phy DF OF
1 Tyler Seguin Artemi Panarin Devin Setoguchi 40 1 2 2
2 Cody Hodgson Max Pacioretty Martin Havlat 30 1 2 2
3 Pavel Datsyuk Eric Wellwood Tyler Kennedy 20 1 2 2
4 Christian Hanson Brandon Bollig Andreas Nodl 10 1 2 2
5 vs 5 Defense
Defense Defense Time % Phy DF OF
1 Mike Lundin Cam Fowler 40 1 2 2
2 Dennis Wideman Dalton Prout 30 1 2 2
3 Rob Scuderi Branislav Mezei 20 1 2 2
4 Mike Lundin Cam Fowler 10 1 2 2
PowerPlay Forward
Center Left Wing Right Wing Time % Phy DF OF
1 Tyler Seguin Artemi Panarin Devin Setoguchi 60 1 2 2
2 Cody Hodgson Max Pacioretty Martin Havlat 40 1 2 2
PowerPlay Defense
Defense Defense Time % Phy DF OF
1 Mike Lundin Cam Fowler 60 1 2 2
2 Dennis Wideman Dalton Prout 40 1 2 2
Penalty Kill 4 Players Forward
Center Wing Time % Phy DF OF
1 Tyler Seguin Artemi Panarin 60 1 2 2
2 Max Pacioretty Cody Hodgson 40 1 2 2
Penalty Kill 4 Players Defense
Defense Defense Time % Phy DF OF
1 Mike Lundin Cam Fowler 60 1 2 2
2 Dennis Wideman Dalton Prout 40 1 2 2
Penalty Kill - 3 Players Forward
Forward Time % Phy DF OF
1 Tyler Seguin 60 1 2 2
2 Artemi Panarin 40 1 2 2
Penalty Kill - 3 Players Defense
Defense Defense Time % Phy DF OF
1 Mike Lundin Cam Fowler 60 1 2 2
2 Dennis Wideman Dalton Prout 40 1 2 2
4 vs 4 Forward
Center Wing Time % Phy DF OF
1 Tyler Seguin Artemi Panarin 60 1 2 2
2 Max Pacioretty Cody Hodgson 40 1 2 2
4 vs 4 Defense
Defense Defense Time % Phy DF OF
1 Mike Lundin Cam Fowler 60 1 2 2
2 Dennis Wideman Dalton Prout 40 1 2 2
Last Minutes Offensive
Center Left Wing Right Wing Defense Defense
Tyler Seguin Artemi Panarin Devin Setoguchi Mike Lundin Cam Fowler
Last Minutes Defensive
Center Left Wing Right Wing Defense Defense
Tyler Seguin Artemi Panarin Devin Setoguchi Mike Lundin Cam Fowler
Goaltenders
Starting : Andrei Vasilevskiy
Backup : Rick DiPietro
Extra Forwards
Normal : Pavel Datsyuk, Tyler Kennedy, Eric Wellwood - PP : Pavel Datsyuk, Tyler Kennedy - PK : Eric Wellwood
Extra Defensemen
Normal : Rob Scuderi, Branislav Mezei, Dennis Wideman - PP : Rob Scuderi - PK : Branislav Mezei, Dennis Wideman
Penalty Shots
Tyler Seguin, Artemi Panarin, Max Pacioretty, Cody Hodgson, Devin Setoguchi
Scratches
Anthony Stewart (Healthy), Ryan Wilson (Healthy)
Rangers
5 vs 5 Forward
Center Left Wing Right Wing Time % Phy DF OF
1 Sean Couturier Milan Lucic Ryan Strome 40 1 2 2
2 Patrice Bergeron Magnus Paajarvi Chris Bourque 30 1 2 2
3 Tomas Hertl Rostislav Olesz Steve Quailer 20 1 2 2
4 Maxime Sauvé T.J Galiardi Devante Smith-Pelly 10 1 2 2
5 vs 5 Defense
Defense Defense Time % Phy DF OF
1 Luke Schenn Dmitry Kulikov 40 1 2 2
2 Cam Barker Mark Fistric 30 1 2 2
3 Patrik Nemeth Matt Delahey 20 1 2 2
4 Luke Schenn Cam Barker 10 1 2 2
PowerPlay Forward
Center Left Wing Right Wing Time % Phy DF OF
1 Milan Lucic Patrice Bergeron Sean Couturier 60 1 2 2
2 Steve Quailer Rostislav Olesz T.J Galiardi 40 1 2 2
PowerPlay Defense
Defense Defense Time % Phy DF OF
1 Luke Schenn Cam Barker 60 1 2 2
2 Dmitry Kulikov Mark Fistric 40 1 2 2
Penalty Kill 4 Players Forward
Center Wing Time % Phy DF OF
1 Milan Lucic Sean Couturier 60 1 2 2
2 Chris Bourque Tomas Hertl 40 1 2 2
Penalty Kill 4 Players Defense
Defense Defense Time % Phy DF OF
1 Cam Barker Luke Schenn 60 1 2 2
2 Mark Fistric Dmitry Kulikov 40 1 2 2
Penalty Kill - 3 Players Forward
Forward Time % Phy DF OF
1 Patrice Bergeron 60 1 2 2
2 Ryan Strome 40 1 2 2
Penalty Kill - 3 Players Defense
Defense Defense Time % Phy DF OF
1 Cam Barker Luke Schenn 60 1 2 2
2 Matt Delahey Patrik Nemeth 40 1 2 2
4 vs 4 Forward
Center Wing Time % Phy DF OF
1 Patrice Bergeron Milan Lucic 60 1 2 2
2 Sean Couturier Devante Smith-Pelly 40 1 2 2
4 vs 4 Defense
Defense Defense Time % Phy DF OF
1 Luke Schenn Cam Barker 60 1 2 2
2 Patrik Nemeth Matt Delahey 40 1 2 2
Last Minutes Offensive
Center Left Wing Right Wing Defense Defense
Milan Lucic Patrice Bergeron Sean Couturier Luke Schenn Cam Barker
Last Minutes Defensive
Center Left Wing Right Wing Defense Defense
Milan Lucic Patrice Bergeron Sean Couturier Luke Schenn Cam Barker
Goaltenders
Starting : Frederik Andersen
Backup : Mike Condon
Extra Forwards
Normal : Magnus Paajarvi, Milan Lucic, Patrice Bergeron - PP : Sean Couturier, Rostislav Olesz - PK : Maxime Sauvé
Extra Defensemen
Normal : Cam Barker, Luke Schenn, Mark Fistric - PP : Cam Barker - PK : Dmitry Kulikov, Luke Schenn
Penalty Shots
Magnus Paajarvi, Milan Lucic, Patrice Bergeron, Sean Couturier, Rostislav Olesz
Scratches
Jonas Brodin (Healthy)
% Time on Ice - Blue Jackets
Lines # - Real PCT - Wanted PCT - Time Play
Normal Forward
1 - 36% - 40% - 17:18
2 - 26% - 30% - 12:25
3 - 24% - 20% - 11:33
4 - 13% - 10% - 6:23
Normal Defense
1 - 40% - 40% - 19:04
2 - 33% - 30% - 15:40
3 - 24% - 20% - 11:21
4 - 3% - 10% - 1:34
PP Forward
1 - 60% - 60% - 6:08
2 - 40% - 40% - 4:06
PP Defense
1 - 58% - 60% - 5:57
2 - 42% - 40% - 4:17
PK Forward
1 - 85% - 60% - 1:48
2 - 15% - 40% - 0:19
PK Defense
1 - 70% - 60% - 1:29
2 - 30% - 40% - 0:38
PK3 Forward
1 - 0% - 60%
2 - 0% - 40%
PK3 Defense
1 - 0% - 60%
2 - 0% - 40%
44 Forward
1 - 55% - 60% - 1:48
2 - 45% - 40% - 1:27
44 Defense
1 - 71% - 60% - 2:19
2 - 29% - 40% - 0:56
Last Minute Offensive - 0:00
Last Minute Defensive - 0:00
Total
Forward - 63:15
Defense - 63:15
|
% Time on Ice - Rangers
Lines # - Real PCT - Wanted PCT - Time Play
Normal Forward
1 - 37% - 40% - 17:26
2 - 26% - 30% - 12:11
3 - 24% - 20% - 11:16
4 - 14% - 10% - 6:46
Normal Defense
1 - 42% - 40% - 19:47
2 - 30% - 30% - 14:20
3 - 25% - 20% - 11:52
4 - 3% - 10% - 1:40
PP Forward
1 - 54% - 60% - 1:08
2 - 46% - 40% - 0:59
PP Defense
1 - 65% - 60% - 1:22
2 - 35% - 40% - 0:45
PK Forward
1 - 84% - 60% - 8:33
2 - 16% - 40% - 1:41
PK Defense
1 - 69% - 60% - 7:01
2 - 31% - 40% - 3:13
PK3 Forward
1 - 0% - 60%
2 - 0% - 40%
PK3 Defense
1 - 0% - 60%
2 - 0% - 40%
44 Forward
1 - 54% - 60% - 1:46
2 - 46% - 40% - 1:29
44 Defense
1 - 67% - 60% - 2:10
2 - 33% - 40% - 1:05
Last Minute Offensive - 0:00
Last Minute Defensive - 0:00
Total
Forward - 63:15
Defense - 63:15
|
Play-by-Play
1st period
0:01 of 1st period - Tyler Seguin wins face-off versus Sean Couturier in neutral zone.
0:06 of 1st period - Dmitry Kulikov is hit by Mike Lundin.
0:16 of 1st period - Slapshot by Milan Lucic.
0:16 of 1st period - Deflect By Ryan Strome.
0:16 of 1st period - Stopped by Andrei Vasilevskiy without a rebound.
0:17 of 1st period - Patrice Bergeron wins face-off versus Cody Hodgson in Blue Jackets zone.
0:44 of 1st period - Pavel Datsyuk is hit by Mark Fistric and loses puck.
1:09 of 1st period - Rob Scuderi is hit by Patrik Nemeth and loses puck.
1:28 of 1st period - Snap shot by T.J Galiardi.
1:28 of 1st period - Shot Misses the Net.
3:18 of 1st period - Slapshot by Mike Lundin.
3:18 of 1st period - Goal by Mike Lundin - Blue Jackets : 1 - Rangers : 0.
3:19 of 1st period - Tyler Seguin wins face-off versus Sean Couturier in neutral zone.
4:18 of 1st period - Wrist shot by Christian Hanson.
4:18 of 1st period - Stopped by Frederik Andersen without a rebound.
4:19 of 1st period - Sean Couturier wins face-off versus Tyler Seguin in Rangers zone.
5:09 of 1st period - Minor Penalty to Dmitry Kulikov for Hooking.
5:10 of 1st period - Milan Lucic wins face-off versus Tyler Seguin in Rangers zone.
5:43 of 1st period - Snap shot by Cody Hodgson.
5:43 of 1st period - Stopped by Frederik Andersen without a rebound.
5:44 of 1st period - Cody Hodgson wins face-off versus Chris Bourque in Rangers zone.
5:53 of 1st period - Snap shot by Max Pacioretty.
5:53 of 1st period - Stopped by Frederik Andersen without a rebound.
5:54 of 1st period - Milan Lucic wins face-off versus Tyler Seguin in Rangers zone.
6:09 of 1st period - Wrist shot by Artemi Panarin.
6:09 of 1st period - Stopped by Frederik Andersen without a rebound.
6:10 of 1st period - Milan Lucic wins face-off versus Tyler Seguin in Rangers zone.
6:25 of 1st period - Snap shot by Artemi Panarin.
6:25 of 1st period - Stopped by Frederik Andersen with a rebound.
6:41 of 1st period - Snap shot by Cody Hodgson.
6:41 of 1st period - Shot Blocked by Cam Barker.
6:43 of 1st period - Snap shot by Max Pacioretty.
6:43 of 1st period - Shot Blocked by Luke Schenn.
6:45 of 1st period - Wrist shot by Mike Lundin.
6:45 of 1st period - Deflect By Max Pacioretty.
6:45 of 1st period - Shot Misses the Net.
6:45 of 1st period - Puck is out of play.
6:46 of 1st period - Milan Lucic wins face-off versus Tyler Seguin in Rangers zone.
7:09 of 1st period - Penalty to Dmitry Kulikov is over, Dmitry Kulikov is back on ice.
7:25 of 1st period - Snap shot by Cody Hodgson.
7:25 of 1st period - Stopped by Frederik Andersen without a rebound.
7:26 of 1st period - Tyler Seguin wins face-off versus Sean Couturier in Rangers zone.
7:35 of 1st period - Wrist shot by Sean Couturier.
7:35 of 1st period - Goal by Sean Couturier - Blue Jackets : 1 - Rangers : 1.
7:36 of 1st period - Tyler Seguin wins face-off versus Ryan Strome in neutral zone.
8:01 of 1st period - Magnus Paajarvi is hit by Tyler Kennedy and loses puck.
8:24 of 1st period - Slapshot by Luke Schenn.
8:24 of 1st period - Deflect By Rostislav Olesz.
8:24 of 1st period - Shot Misses the Net.
8:24 of 1st period - Puck is out of play.
8:25 of 1st period - Cody Hodgson wins face-off versus Tomas Hertl in Blue Jackets zone.
8:25 of 1st period - Cody Hodgson is hit by Steve Quailer.
8:53 of 1st period - Snap shot by Devin Setoguchi.
8:53 of 1st period - Stopped by Frederik Andersen without a rebound.
8:54 of 1st period - Artemi Panarin wins face-off versus Sean Couturier in Rangers zone.
8:57 of 1st period - Slapshot by Artemi Panarin.
8:57 of 1st period - Shot Misses the Net.
8:59 of 1st period - Wrist shot by Mike Lundin.
8:59 of 1st period - Deflect By Milan Lucic.
8:59 of 1st period - Stopped by Frederik Andersen with a rebound.
9:35 of 1st period - Snap shot by Artemi Panarin.
9:35 of 1st period - Shot Misses the Net.
9:37 of 1st period - Slapshot by Artemi Panarin.
9:37 of 1st period - Shot Misses the Net.
9:43 of 1st period - Slapshot by Artemi Panarin.
9:43 of 1st period - Stopped by Frederik Andersen with a rebound.
9:49 of 1st period - Wrist shot by Artemi Panarin.
9:49 of 1st period - Stopped by Frederik Andersen with a rebound.
10:01 of 1st period - Branislav Mezei is hit by Milan Lucic and loses puck.
11:37 of 1st period - Slapshot by Tyler Seguin.
11:37 of 1st period - Shot Misses the Net.
11:39 of 1st period - Snap shot by Artemi Panarin.
11:39 of 1st period - Deflect By Tyler Seguin.
11:39 of 1st period - Goal by Tyler Seguin - Blue Jackets : 2 - Rangers : 1.
11:40 of 1st period - Patrice Bergeron wins face-off versus Cody Hodgson in neutral zone.
11:47 of 1st period - Cam Fowler is hit by Patrice Bergeron and loses puck.
12:06 of 1st period - Tomas Hertl is hit by Tyler Kennedy and loses puck.
12:16 of 1st period - Icing by Pavel Datsyuk.
12:17 of 1st period - Patrice Bergeron wins face-off versus Tyler Kennedy in Blue Jackets zone.
12:57 of 1st period - Snap shot by Chris Bourque.
12:57 of 1st period - Stopped by Andrei Vasilevskiy without a rebound.
12:58 of 1st period - Tomas Hertl wins face-off versus Cody Hodgson in Blue Jackets zone.
13:50 of 1st period - Off-side.
13:51 of 1st period - Martin Havlat wins face-off versus Tomas Hertl in neutral zone.
13:58 of 1st period - Wrist shot by Max Pacioretty.
13:58 of 1st period - Stopped by Frederik Andersen with a rebound.
14:00 of 1st period - Snap shot by Max Pacioretty.
14:00 of 1st period - Shot Misses the Net.
14:02 of 1st period - Slapshot by Cam Fowler.
14:02 of 1st period - Stopped by Frederik Andersen with a rebound.
14:29 of 1st period - Snap shot by Patrice Bergeron.
14:29 of 1st period - Shot Blocked by Mike Lundin.
15:07 of 1st period - Luke Schenn is hit by Max Pacioretty and loses puck.
15:20 of 1st period - Patrice Bergeron is hit by Artemi Panarin and loses puck.
16:02 of 1st period - Snap shot by Devante Smith-Pelly.
16:02 of 1st period - Deflect By T.J Galiardi.
16:02 of 1st period - Stopped by Andrei Vasilevskiy with a rebound.
16:56 of 1st period - Snap shot by Pavel Datsyuk.
16:56 of 1st period - Deflect By Eric Wellwood.
16:56 of 1st period - Stopped by Frederik Andersen without a rebound.
16:57 of 1st period - Milan Lucic wins face-off versus Pavel Datsyuk in Rangers zone.
16:57 of 1st period - Milan Lucic is hit by Rob Scuderi.
17:18 of 1st period - Icing by Tyler Kennedy.
17:19 of 1st period - Pavel Datsyuk wins face-off versus Chris Bourque in Blue Jackets zone.
17:24 of 1st period - Patrice Bergeron is hit by Eric Wellwood and loses puck.
17:31 of 1st period - Wrist shot by Pavel Datsyuk.
17:31 of 1st period - Shot Misses the Net.
17:33 of 1st period - Slapshot by Branislav Mezei.
17:33 of 1st period - Stopped by Frederik Andersen without a rebound.
17:34 of 1st period - Tyler Seguin wins face-off versus Ryan Strome in Rangers zone.
18:28 of 1st period - Snap shot by Cam Barker.
18:28 of 1st period - Deflect By Patrice Bergeron.
18:28 of 1st period - Stopped by Andrei Vasilevskiy without a rebound.
18:29 of 1st period - Sean Couturier wins face-off versus Christian Hanson in Blue Jackets zone.
18:38 of 1st period - Snap shot by Milan Lucic.
18:38 of 1st period - Shot Misses the Net.
18:40 of 1st period - Wrist shot by Cam Barker.
18:40 of 1st period - Deflect By Sean Couturier.
18:40 of 1st period - Shot Blocked by Mike Lundin.
18:40 of 1st period - Puck is out of play.
18:41 of 1st period - Tyler Seguin wins face-off versus Sean Couturier in Blue Jackets zone.
19:07 of 1st period - Icing by Mike Lundin.
19:08 of 1st period - Cody Hodgson wins face-off versus Patrice Bergeron in Blue Jackets zone.
19:22 of 1st period - Wrist shot by Patrice Bergeron.
19:22 of 1st period - Stopped by Andrei Vasilevskiy without a rebound.
19:23 of 1st period - Tyler Seguin wins face-off versus Ryan Strome in Blue Jackets zone.
19:23 of 1st period - Tyler Seguin is hit by Ryan Strome.
19:49 of 1st period - Chris Bourque is hit by Martin Havlat and loses puck.
19:58 of 1st period - Snap shot by Chris Bourque.
19:58 of 1st period - Stopped by Andrei Vasilevskiy with a rebound.
Goals for this period are 2 for Blue Jackets vs 1 for Rangers.
Shots for this period are 16 for Blue Jackets vs 7 for Rangers.
2nd period
0:01 of 2nd period - Tyler Seguin wins face-off versus Milan Lucic in neutral zone.
0:36 of 2nd period - Snap shot by Chris Bourque.
0:36 of 2nd period - Stopped by Andrei Vasilevskiy with a rebound.
0:58 of 2nd period - Backhand shot by Luke Schenn.
0:58 of 2nd period - Shot Misses the Net.
1:00 of 2nd period - Wrist shot by Tomas Hertl.
1:00 of 2nd period - Stopped by Andrei Vasilevskiy with a rebound.
1:02 of 2nd period - Slapshot by Dmitry Kulikov.
1:02 of 2nd period - Stopped by Andrei Vasilevskiy with a rebound.
1:04 of 2nd period - Wrist shot by Rostislav Olesz.
1:04 of 2nd period - Stopped by Andrei Vasilevskiy with a rebound.
1:14 of 2nd period - Eric Wellwood is hit by Milan Lucic and loses puck.
1:21 of 2nd period - Backhand shot by Ryan Strome.
1:21 of 2nd period - Stopped by Andrei Vasilevskiy with a rebound.
1:41 of 2nd period - Snap shot by Devante Smith-Pelly.
1:41 of 2nd period - Shot Blocked by Dalton Prout.
1:43 of 2nd period - Snap shot by Maxime Sauvé.
1:43 of 2nd period - Goal by Maxime Sauvé - Blue Jackets : 2 - Rangers : 2.
1:44 of 2nd period - Sean Couturier wins face-off versus Tyler Seguin in neutral zone.
1:47 of 2nd period - Snap shot by Artemi Panarin.
1:47 of 2nd period - Shot Blocked by Matt Delahey.
2:19 of 2nd period - Branislav Mezei is hit by Sean Couturier and loses puck.
2:30 of 2nd period - Double Minor Penalty to Ryan Strome for High sticking.
2:31 of 2nd period - Tyler Seguin wins face-off versus Milan Lucic in Rangers zone.
2:34 of 2nd period - Wrist shot by Artemi Panarin.
2:34 of 2nd period - Stopped by Frederik Andersen with a rebound.
3:08 of 2nd period - Slapshot by Martin Havlat.
3:08 of 2nd period - Shot Blocked by Luke Schenn.
4:25 of 2nd period - Snap shot by Artemi Panarin.
4:25 of 2nd period - Shot Blocked by Dmitry Kulikov.
4:43 of 2nd period - Tyler Seguin is hit by Magnus Paajarvi and loses puck.
4:56 of 2nd period - Tomas Hertl is hit by Mike Lundin and loses puck.
6:30 of 2nd period - Penalty to Ryan Strome is over, Ryan Strome is back on ice.
6:40 of 2nd period - Mike Lundin is hit by Patrik Nemeth.
6:46 of 2nd period - Devante Smith-Pelly is hit by Rob Scuderi and loses puck.
6:59 of 2nd period - Pavel Datsyuk is hit by Rostislav Olesz.
7:19 of 2nd period - Andreas Nodl is hit by Maxime Sauvé and loses puck.
8:15 of 2nd period - Cody Hodgson is hit by Dmitry Kulikov and loses puck.
8:30 of 2nd period - Luke Schenn is hit by Devin Setoguchi and loses puck.
9:12 of 2nd period - Luke Schenn is hit by Dalton Prout and loses puck.
9:40 of 2nd period - Patrik Nemeth is hit by Max Pacioretty and loses puck.
9:59 of 2nd period - Patrik Nemeth is hit by Cam Fowler and loses puck.
10:18 of 2nd period - Branislav Mezei is hit by Cam Barker and loses puck.
10:35 of 2nd period - Brandon Bollig is hit by Tomas Hertl and loses puck.
11:35 of 2nd period - Wrist shot by Chris Bourque.
11:35 of 2nd period - Shot Misses the Net.
11:52 of 2nd period - Mike Lundin is hit by Dmitry Kulikov.
12:25 of 2nd period - Pavel Datsyuk is hit by Patrice Bergeron and loses puck.
12:34 of 2nd period - Snap shot by Pavel Datsyuk.
12:34 of 2nd period - Stopped by Frederik Andersen with a rebound.
12:40 of 2nd period - Minor Penalty to Chris Bourque for Roughing.
12:41 of 2nd period - Tyler Seguin wins face-off versus Milan Lucic in Rangers zone.
12:58 of 2nd period - Snap shot by Tyler Seguin.
12:58 of 2nd period - Goal by Tyler Seguin - Blue Jackets : 3 - Rangers : 2.
12:59 of 2nd period - Sean Couturier wins face-off versus Devin Setoguchi in neutral zone.
13:08 of 2nd period - Wrist shot by Milan Lucic.
13:08 of 2nd period - Shot Misses the Net.
13:10 of 2nd period - Wrist shot by Dmitry Kulikov.
13:10 of 2nd period - Shot Misses the Net.
13:12 of 2nd period - Snap shot by Sean Couturier.
13:12 of 2nd period - Shot Blocked by Tyler Seguin.
13:14 of 2nd period - Slapshot by Luke Schenn.
13:14 of 2nd period - Stopped by Andrei Vasilevskiy without a rebound.
13:15 of 2nd period - Cody Hodgson wins face-off versus Patrice Bergeron in Blue Jackets zone.
14:05 of 2nd period - Snap shot by Eric Wellwood.
14:05 of 2nd period - Deflect By Tyler Kennedy.
14:05 of 2nd period - Shot Blocked by Mark Fistric.
14:05 of 2nd period - Puck is out of play.
14:06 of 2nd period - Pavel Datsyuk wins face-off versus Steve Quailer in Rangers zone.
14:11 of 2nd period - Slapshot by Pavel Datsyuk.
14:11 of 2nd period - Stopped by Frederik Andersen without a rebound.
14:12 of 2nd period - Tyler Seguin wins face-off versus Sean Couturier in Rangers zone.
14:13 of 2nd period - Snap shot by Artemi Panarin.
14:13 of 2nd period - Stopped by Frederik Andersen with a rebound.
14:15 of 2nd period - Snap shot by Devin Setoguchi.
14:15 of 2nd period - Goal by Devin Setoguchi - Blue Jackets : 4 - Rangers : 2.
14:16 of 2nd period - Tyler Seguin wins face-off versus Sean Couturier in neutral zone.
14:24 of 2nd period - Minor Penalty to Milan Lucic for Hooking.
14:25 of 2nd period - Maxime Sauvé wins face-off versus Tyler Seguin in Rangers zone.
14:42 of 2nd period - Wrist shot by Tyler Seguin.
14:42 of 2nd period - Shot Misses the Net.
16:24 of 2nd period - Penalty to Milan Lucic is over, Milan Lucic is back on ice.
16:26 of 2nd period - Patrice Bergeron is hit by Pavel Datsyuk and loses puck.
17:01 of 2nd period - Icing by Patrik Nemeth.
17:02 of 2nd period - Pavel Datsyuk wins face-off versus Tomas Hertl in Rangers zone.
17:43 of 2nd period - Rostislav Olesz is hit by Cam Fowler and loses puck.
18:04 of 2nd period - Snap shot by Pavel Datsyuk.
18:04 of 2nd period - Shot Blocked by Tomas Hertl.
18:18 of 2nd period - Wrist shot by Tyler Kennedy.
18:18 of 2nd period - Shot Misses the Net.
18:20 of 2nd period - Slapshot by Dennis Wideman.
18:20 of 2nd period - Shot Blocked by Patrik Nemeth.
18:22 of 2nd period - Slapshot by Tyler Kennedy.
18:22 of 2nd period - Shot Misses the Net.
18:24 of 2nd period - Snap shot by Eric Wellwood.
18:24 of 2nd period - Stopped by Frederik Andersen with a rebound.
18:32 of 2nd period - Rostislav Olesz is hit by Eric Wellwood and loses puck.
18:41 of 2nd period - Wrist shot by Tyler Kennedy.
18:41 of 2nd period - Stopped by Frederik Andersen without a rebound.
18:42 of 2nd period - Tyler Seguin wins face-off versus Sean Couturier in Rangers zone.
19:17 of 2nd period - Snap shot by Brandon Bollig.
19:17 of 2nd period - Shot Misses the Net.
19:19 of 2nd period - Snap shot by Brandon Bollig.
19:19 of 2nd period - Stopped by Frederik Andersen without a rebound.
19:20 of 2nd period - Patrice Bergeron wins face-off versus Tyler Seguin in Rangers zone.
19:37 of 2nd period - Wrist shot by Chris Bourque.
19:37 of 2nd period - Stopped by Andrei Vasilevskiy with a rebound.
19:55 of 2nd period - Wrist shot by Milan Lucic.
19:55 of 2nd period - Stopped by Andrei Vasilevskiy with a rebound.
Goals for this period are 2 for Blue Jackets vs 1 for Rangers.
Shots for this period are 9 for Blue Jackets vs 9 for Rangers.
3rd period
0:01 of 3rd period - Ryan Strome wins face-off versus Tyler Seguin in neutral zone.
0:16 of 3rd period - Snap shot by Tyler Seguin.
0:16 of 3rd period - Shot Blocked by Dmitry Kulikov.
0:38 of 3rd period - Dennis Wideman is hit by Milan Lucic and loses puck.
0:55 of 3rd period - Magnus Paajarvi is hit by Martin Havlat and loses puck.
1:02 of 3rd period - Slapshot by Martin Havlat.
1:02 of 3rd period - Deflect By Max Pacioretty.
1:02 of 3rd period - Stopped by Frederik Andersen without a rebound.
1:03 of 3rd period - Tyler Seguin wins face-off versus Patrice Bergeron in Rangers zone.
1:04 of 3rd period - Wrist shot by Artemi Panarin.
1:04 of 3rd period - Stopped by Frederik Andersen without a rebound.
1:05 of 3rd period - Tyler Seguin wins face-off versus Chris Bourque in Rangers zone.
1:32 of 3rd period - Snap shot by Tomas Hertl.
1:32 of 3rd period - Stopped by Andrei Vasilevskiy with a rebound.
1:34 of 3rd period - Snap shot by Steve Quailer.
1:34 of 3rd period - Deflect By Tomas Hertl.
1:34 of 3rd period - Shot Blocked by Cam Fowler.
1:34 of 3rd period - Puck is out of play.
1:35 of 3rd period - Cody Hodgson wins face-off versus Tomas Hertl in Blue Jackets zone.
1:45 of 3rd period - Slapshot by Steve Quailer.
1:45 of 3rd period - Shot Blocked by Dennis Wideman.
2:09 of 3rd period - Cody Hodgson is hit by Luke Schenn and loses puck.
2:14 of 3rd period - Slapshot by Steve Quailer.
2:14 of 3rd period - Shot Misses the Net.
2:16 of 3rd period - Slapshot by Luke Schenn.
2:16 of 3rd period - Shot Blocked by Martin Havlat.
2:18 of 3rd period - Snap shot by Dmitry Kulikov.
2:18 of 3rd period - Stopped by Andrei Vasilevskiy with a rebound.
2:20 of 3rd period - Slapshot by Luke Schenn.
2:20 of 3rd period - Stopped by Andrei Vasilevskiy with a rebound.
2:22 of 3rd period - Slapshot by Dmitry Kulikov.
2:22 of 3rd period - Stopped by Andrei Vasilevskiy with a rebound.
2:24 of 3rd period - Wrist shot by Rostislav Olesz.
2:24 of 3rd period - Goal by Rostislav Olesz - Blue Jackets : 4 - Rangers : 3.
2:25 of 3rd period - Tyler Seguin wins face-off versus Sean Couturier in neutral zone.
2:38 of 3rd period - Wrist shot by Sean Couturier.
2:38 of 3rd period - Stopped by Andrei Vasilevskiy without a rebound.
2:39 of 3rd period - Patrice Bergeron wins face-off versus Tyler Seguin in Blue Jackets zone.
2:52 of 3rd period - Slapshot by Cam Fowler.
2:52 of 3rd period - Deflect By Tyler Seguin.
2:52 of 3rd period - Deflect By Mark Fistric.
2:52 of 3rd period - Stopped by Frederik Andersen without a rebound.
2:53 of 3rd period - Tyler Seguin wins face-off versus Sean Couturier in Rangers zone.
3:04 of 3rd period - Wrist shot by Sean Couturier.
3:04 of 3rd period - Shot Misses the Net.
3:25 of 3rd period - Dennis Wideman is hit by Magnus Paajarvi and loses puck.
3:42 of 3rd period - Devante Smith-Pelly is hit by Brandon Bollig and loses puck.
4:00 of 3rd period - Icing by Dalton Prout.
4:01 of 3rd period - Tomas Hertl wins face-off versus Pavel Datsyuk in Blue Jackets zone.
4:02 of 3rd period - Wrist shot by Rostislav Olesz.
4:02 of 3rd period - Deflect By Steve Quailer.
4:02 of 3rd period - Stopped by Andrei Vasilevskiy with a rebound.
4:12 of 3rd period - Slapshot by Dennis Wideman.
4:12 of 3rd period - Stopped by Frederik Andersen with a rebound.
4:14 of 3rd period - Slapshot by Dalton Prout.
4:14 of 3rd period - Stopped by Frederik Andersen with a rebound.
4:16 of 3rd period - Snap shot by Eric Wellwood.
4:16 of 3rd period - Goal by Eric Wellwood - Blue Jackets : 5 - Rangers : 3.
4:17 of 3rd period - Tyler Seguin wins face-off versus Sean Couturier in neutral zone.
4:20 of 3rd period - Slapshot by Cam Fowler.
4:20 of 3rd period - Stopped by Frederik Andersen without a rebound.
4:21 of 3rd period - Tyler Seguin wins face-off versus Sean Couturier in Rangers zone.
4:24 of 3rd period - Wrist shot by Tyler Seguin.
4:24 of 3rd period - Stopped by Frederik Andersen with a rebound.
4:26 of 3rd period - Snap shot by Artemi Panarin.
4:26 of 3rd period - Stopped by Frederik Andersen without a rebound.
4:27 of 3rd period - Sean Couturier wins face-off versus Tyler Seguin in Rangers zone.
4:32 of 3rd period - Wrist shot by Devin Setoguchi.
4:32 of 3rd period - Stopped by Frederik Andersen without a rebound.
4:33 of 3rd period - Sean Couturier wins face-off versus Devin Setoguchi in Rangers zone.
4:38 of 3rd period - Cam Barker is hit by Cam Fowler.
4:49 of 3rd period - Icing by Cam Fowler.
4:50 of 3rd period - Patrice Bergeron wins face-off versus Tyler Seguin in Blue Jackets zone.
5:48 of 3rd period - Snap shot by Christian Hanson.
5:48 of 3rd period - Shot Misses the Net.
6:18 of 3rd period - Minor Penalty to Tyler Kennedy for Hooking.
6:19 of 3rd period - Tyler Seguin wins face-off versus Steve Quailer in Blue Jackets zone.
6:26 of 3rd period - Backhand shot by T.J Galiardi.
6:26 of 3rd period - Goal by T.J Galiardi - Blue Jackets : 5 - Rangers : 4.
6:27 of 3rd period - Tyler Seguin wins face-off versus Patrice Bergeron in neutral zone.
7:01 of 3rd period - Snap shot by Cody Hodgson.
7:01 of 3rd period - Stopped by Frederik Andersen without a rebound.
7:02 of 3rd period - Ryan Strome wins face-off versus Cody Hodgson in Rangers zone.
7:15 of 3rd period - Slapshot by Sean Couturier.
7:15 of 3rd period - Shot Misses the Net.
7:24 of 3rd period - Minor Penalty to Luke Schenn for Elbowing.
7:25 of 3rd period - Devin Setoguchi wins face-off versus Milan Lucic in Rangers zone.
7:52 of 3rd period - Dmitry Kulikov is hit by Cody Hodgson and loses puck.
9:24 of 3rd period - Penalty to Luke Schenn is over, Luke Schenn is back on ice.
9:25 of 3rd period - Luke Schenn is hit by Artemi Panarin and loses puck.
9:36 of 3rd period - Slapshot by Christian Hanson.
9:36 of 3rd period - Stopped by Frederik Andersen without a rebound.
9:37 of 3rd period - Rostislav Olesz wins face-off versus Christian Hanson in Rangers zone.
10:36 of 3rd period - Wrist shot by Magnus Paajarvi.
10:36 of 3rd period - Stopped by Andrei Vasilevskiy with a rebound.
10:48 of 3rd period - Tomas Hertl is hit by Cam Fowler and loses puck.
11:05 of 3rd period - Dennis Wideman is hit by Sean Couturier and loses puck.
11:40 of 3rd period - T.J Galiardi is hit by Devin Setoguchi and loses puck.
11:49 of 3rd period - Slapshot by Luke Schenn.
11:49 of 3rd period - Stopped by Andrei Vasilevskiy without a rebound.
11:50 of 3rd period - Sean Couturier wins face-off versus Cody Hodgson in Blue Jackets zone.
11:51 of 3rd period - Snap shot by Milan Lucic.
11:51 of 3rd period - Goal by Milan Lucic - Blue Jackets : 5 - Rangers : 5.
11:52 of 3rd period - Tyler Seguin wins face-off versus Sean Couturier in neutral zone.
12:13 of 3rd period - Minor Penalty to Cam Fowler for Hooking.
12:14 of 3rd period - Milan Lucic wins face-off versus Tyler Seguin in Blue Jackets zone.
13:20 of 3rd period - Cody Hodgson is hit by Dmitry Kulikov and loses puck.
14:06 of 3rd period - Off-side.
14:07 of 3rd period - Tomas Hertl wins face-off versus Christian Hanson in neutral zone.
14:09 of 3rd period - Off-side.
14:10 of 3rd period - Tomas Hertl wins face-off versus Christian Hanson in neutral zone.
14:13 of 3rd period - Penalty to Cam Fowler is over, Cam Fowler is back on ice.
14:24 of 3rd period - Snap shot by Tomas Hertl.
14:24 of 3rd period - Goal by Tomas Hertl - Blue Jackets : 5 - Rangers : 6.
14:25 of 3rd period - Tyler Seguin wins face-off versus Patrice Bergeron in neutral zone.
14:25 of 3rd period - Tyler Seguin is hit by Patrice Bergeron.
14:33 of 3rd period - Snap shot by Artemi Panarin.
14:33 of 3rd period - Goal by Artemi Panarin - Blue Jackets : 6 - Rangers : 6.
14:34 of 3rd period - Tyler Seguin wins face-off versus Sean Couturier in neutral zone.
15:01 of 3rd period - Patrice Bergeron is hit by Eric Wellwood.
16:26 of 3rd period - Snap shot by T.J Galiardi.
16:26 of 3rd period - Stopped by Andrei Vasilevskiy without a rebound.
16:27 of 3rd period - Tomas Hertl wins face-off versus Tyler Seguin in Blue Jackets zone.
17:01 of 3rd period - Snap shot by Milan Lucic.
17:01 of 3rd period - Stopped by Andrei Vasilevskiy with a rebound.
17:29 of 3rd period - Cody Hodgson is hit by Dmitry Kulikov and loses puck.
17:44 of 3rd period - Snap shot by Artemi Panarin.
17:44 of 3rd period - Stopped by Frederik Andersen without a rebound.
17:45 of 3rd period - Tomas Hertl wins face-off versus Tyler Seguin in Rangers zone.
18:19 of 3rd period - Rob Scuderi is hit by Milan Lucic and loses puck.
19:03 of 3rd period - Wrist shot by Max Pacioretty.
19:03 of 3rd period - Shot Misses the Net.
19:05 of 3rd period - Snap shot by Max Pacioretty.
19:05 of 3rd period - Shot Misses the Net.
19:47 of 3rd period - Tomas Hertl is hit by Pavel Datsyuk.
Goals for this period are 2 for Blue Jackets vs 4 for Rangers.
Shots for this period are 14 for Blue Jackets vs 14 for Rangers.
Overtime #1
0:01 of 1st overtime period - Artemi Panarin wins face-off versus Patrice Bergeron in neutral zone.
0:04 of 1st overtime period - Slapshot by Mike Lundin.
0:04 of 1st overtime period - Stopped by Frederik Andersen with a rebound.
0:10 of 1st overtime period - Wrist shot by Luke Schenn.
0:10 of 1st overtime period - Shot Misses the Net.
0:12 of 1st overtime period - Wrist shot by Patrice Bergeron.
0:12 of 1st overtime period - Shot Misses the Net.
0:14 of 1st overtime period - Slapshot by Luke Schenn.
0:14 of 1st overtime period - Deflect By Milan Lucic.
0:14 of 1st overtime period - Shot Misses the Net.
0:14 of 1st overtime period - Puck is out of play.
0:15 of 1st overtime period - Patrice Bergeron wins face-off versus Tyler Seguin in Blue Jackets zone.
1:02 of 1st overtime period - Slapshot by Sean Couturier.
1:02 of 1st overtime period - Deflect By Max Pacioretty.
1:02 of 1st overtime period - Shot Blocked by Dalton Prout.
1:02 of 1st overtime period - Puck is out of play.
1:03 of 1st overtime period - Max Pacioretty wins face-off versus Devante Smith-Pelly in Blue Jackets zone.
2:21 of 1st overtime period - Wrist shot by Max Pacioretty.
2:21 of 1st overtime period - Stopped by Frederik Andersen with a rebound.
2:23 of 1st overtime period - Slapshot by Cody Hodgson.
2:23 of 1st overtime period - Shot Misses the Net.
2:31 of 1st overtime period - Max Pacioretty is hit by Devante Smith-Pelly and loses puck.
2:53 of 1st overtime period - Wrist shot by Sean Couturier.
2:53 of 1st overtime period - Shot Misses the Net.
3:09 of 1st overtime period - Slapshot by Mike Lundin.
3:09 of 1st overtime period - Deflect By Cam Barker.
3:09 of 1st overtime period - Stopped by Frederik Andersen with a rebound.
3:11 of 1st overtime period - Slapshot by Max Pacioretty.
3:11 of 1st overtime period - Stopped by Frederik Andersen with a rebound.
3:13 of 1st overtime period - Snap shot by Mike Lundin.
3:13 of 1st overtime period - Shot Blocked by Luke Schenn.
3:15 of 1st overtime period - Slapshot by Mike Lundin.
3:15 of 1st overtime period - Goal by Mike Lundin - Blue Jackets : 7 - Rangers : 6.
Goals for this period are 1 for Blue Jackets vs 0 for Rangers.
Shots for this period are 5 for Blue Jackets vs 0 for Rangers.